 Dungeon Crawl Stone Soup version 0.21.1-1-g345015fe64 (webtiles) character file.

16354 Hercules1031 the Spear-Bearer (level 12, -7/96 HPs)
             Began as a Demonspawn Fighter on June 14, 2018.
             Was a Priest of Makhleb.
             Hit by a javelin thrown by a merfolk javelineer (22 damage)
             ... on level 1 of the Shoals.
             The game lasted 01:01:51 (9686 turns).

Hercules1031 the Spear-Bearer (Demonspawn Fighter)  Turns: 9686, Time: 01:01:52

Health: -7/96      AC: 18    Str: 22    XL:     12   Next: 9%
Magic:  12/12      EV:  4    Int: 15    God:    Makhleb [***...]
Gold:   596        SH: 20    Dex: 13    Spells: 11/11 levels left

rFire    + . .     SeeInvis .   l - +5 trident "Ovee" {pierce, rPois rF+ rN+ Str+2}
rCold    . . .     Gourm    .   p - +3 large shield
rNeg     + . .     Faith    .   h - +0 plate armour
rPois    +         Spirit   .   (helmet restricted)
rElec    .         Reflect  .   f - +0 cloak
rCorr    .         Harm     .   d - +0 pair of gloves
MR       .....                  (no boots)
Stlth    ..........             B - amulet of regeneration
HPRegen  0.66/turn              c - +2 ring of dexterity
MPRegen  0.13/turn              r - +4 ring of intelligence

@: no status effects
A: hooves 2, horns 1, iridescent scales 1, clumsy 1, demonic guardian 1, spiny 1
a: Minor Destruction, Lesser Servant of Makhleb, Renounce Religion


You were on level 1 of the Shoals.
You worshipped Makhleb.
Makhleb was most pleased with you.
You were full.

You visited 4 branches of the dungeon, and saw 13 of its levels.

You collected 596 gold pieces.

Inventory:

Hand Weapons
 l - the +5 trident "Ovee" (weapon) {pierce, rPois rF+ rN+ Str+2}
   (You found it on level 4 of the Dungeon)

   It inflicts extra damage upon your enemies.
   It affects your strength (+2).
   It protects you from fire.
   It protects you from poison.
   It protects you from negative energy.
Armour
 d - a +0 pair of gloves (worn)
 f - a +0 cloak (worn)
 h - a +0 plate armour (worn)
 p - a +3 large shield (worn)
Jewellery
 a - an uncursed ring of magical power
 b - an uncursed amulet of guardian spirit
 c - a +2 ring of dexterity (left hand)
 g - an uncursed amulet of magic regeneration
 o - an uncursed ring of wizardry
 r - a +4 ring of intelligence (right hand)
 B - an amulet of regeneration (around neck)
 D - an uncursed ring of fire
Wands
 n - a wand of digging (32)
 A - a wand of scattershot (7)
 F - a wand of iceblast (3)
Scrolls
 e - a scroll of fear
 i - 5 scrolls of amnesia
 k - a scroll of magic mapping
 m - 5 scrolls of remove curse
 w - a scroll of teleportation
 x - a scroll of fog
 E - a scroll of identify
Potions
 j - a potion of agility
 C - a potion of flight
Books
 t - a Young Poisoner's Handbook

   Spells                             Type                      Level
   a - Sting                          Conjuration/Poison           1
   b - Poisonous Vapours              Poison/Air                   2
   c - Mephitic Cloud                 Conjuration/Poison/Air       3
   d - Olgreb's Toxic Radiance        Poison                       4
   e - Venom Bolt                     Conjuration/Poison           5
 u - a book of Misfortune

   Spells                             Type                      Level
   a - Confusing Touch                Hexes                        1
   b - Confuse                        Hexes                        3
   c - Gell's Gravitas                Translocation                3
   d - Petrify                        Transmutation/Earth          4
   e - Metabolic Englaciation         Hexes/Ice                    5
   f - Yara's Violent Unravelling     Hexes/Transmutation          5
 y - a book of Changes

   Spells                             Type                      Level
   a - Beastly Appendage              Transmutation                1
   b - Sticks to Snakes               Transmutation                2
   c - Spider Form                    Transmutation/Poison         3
   d - Ice Form                       Ice/Transmutation            4
   e - Blade Hands                    Transmutation                5
 G - a book of Necromancy

   Spells                             Type                      Level
   a - Pain                           Necromancy                   1
   b - Animate Skeleton               Necromancy                   1
   c - Vampiric Draining              Necromancy                   3
   d - Regeneration                   Charms/Necromancy            3
   e - Animate Dead                   Necromancy                   4
   f - Borgnjor's Vile Clutch         Necromancy/Earth             5
Miscellaneous
 s - a box of beasts
Comestibles
 q - 8 rations


   Skills:
 + Level 9.5 Fighting
   Level 4.6(8.3) Axes
 * Level 10.6(11.0) Polearms
 + Level 7.8 Armour
 - Level 1.0 Dodging
 + Level 9.4 Shields


You had 11 spell levels left.
You didn't know any spells.

Dungeon Overview and Level Annotations

Branches:
Dungeon (9/15)             Temple (1/1) D:5            Lair (2/6) D:9
 Shoals (1/4) Lair:2
  Snake: Lair:2-4    Spider: Lair:2-4       Orc: D:9-12

Altars:
Ashenzari
Cheibriados
Dithmenos
Elyvilon
Fedhas
Gozag
Hepliaklqana
Kikubaaqudgha
Makhleb
Nemelex Xobeh
Okawaru
Qazlal
Ru
Sif Muna
Trog
Uskayaw
Vehumet
Wu Jian
Xom
Yredelemnul
Zin
The Shining One

Shops:
D:4 :

Annotations:
Lair:1 exclusion: 4 oklob plants


Innate Abilities, Weirdness & Mutations

You have hoof-like feet.
You are partially covered in iridescent scales. (AC +2)
A weak demonic guardian rushes to your aid.
You are partially covered in sharp spines.
You have a pair of small horns on your head.
You are clumsy. (Dex -2)


Message History

You block the snapping turtle's attack.
Things that are here:
a javelin; a tomahawk The merfolk javelineer throws a javelin.
The javelin hits you! You block the snapping turtle's attack.
Things that are here:
a javelin; a tomahawk The merfolk javelineer throws a javelin.
The javelin hits you. You block the snapping turtle's attack.
Things that are here:
a javelin; a tomahawk The snapping turtle bites you from afar!
* * * LOW HITPOINT WARNING * * *
The merfolk barely misses you.
Your white imp gestures at the snapping turtle.
The puff of frost hits the snapping turtle.
The snapping turtle appears unharmed.
The merfolk javelineer throws a javelin.
The javelin hits you!!
You die...

≈≈≈≈≈≈ ≈.≈≈....≈≈
≈≈≈... .≈≈....≈≈
≈≈≈≈.. .≈≈≈≈.≈≈≈
$.≈.. .≈≈≈≈...
....####≈≈≈≈.. .
#5..##.≈.##
..####.........##
≈...#..((.@<....#
≈≈≈....(≈≈≈≈≈≈..#
≈≈≈....t≈m≈≈≈≈≈....
≈≈≈..#.≈.≈≈≈≈≈≈≈..≈
≈≈≈≈.##≈≈≈≈≈≈≈≈≈≈≈≈
≈≈≈....(≈≈m≈≈≈≈≈≈≈.
≈≈≈..≈≈≈≈≈≈≈≈≈≈≈≈≈.
≈≈≈≈≈≈≈≈.≈≈≈≈≈≈≈≈≈≈
....?≈≈..≈≈≈≈≈≈


You could see a merfolk javelineer, a snapping turtle, a merfolk and a friendly
white imp.

Vanquished Creatures
  A hydra (Lair:1)
  A two-headed ogre (D:9)
  The ghost of Dommiel19 the Impaler, a novice TeBe of Trog (D:9)
  The ghost of raetorn the Charmwright, a novice GnSk of Hepliaklqana (D:7)
  An elephant (D:9)
  A merfolk siren (Lair:2)
  A black mamba (Lair:2)
  A gargoyle (D:9)
  7 spiny frogs
  A rime drake (Lair:1)
  6 komodo dragons (Lair:2)
  The ghost of P0WERM0DE the Skirmisher, an amateur DsFi of Makhleb (D:4)
  3 blink frogs (Lair:1)
  5 hippogriffs
  7 yaks (Lair:1)
  A wyvern (D:8)
  A human (D:9)
  3 basilisks
  4 hogs (D:9)
  3 hungry ghosts
  4 water moccasins
  3 porcupines
  2 orc warriors (D:8)
  A black bear (Lair:1)
  2 ice beasts
  A sky beast (D:7)
  A necrophage (D:8)
  2 phantoms
  A centaur (D:7)
  2 ogres
  A crocodile (Lair:1)
  7 bullfrogs
  A gnoll sergeant (D:8)
  3 killer bees (D:9)
  4 scorpions
  A howler monkey (D:4)
  3 lava snakes (D:8)
  A crimson imp (D:2)
  A bullfrog zombie (D:4)
  An orc priest (D:4)
  3 hounds
  A jelly (D:7)
  6 orc wizards
  9 iguanas
  6 worker ants
  2 hound zombies
  A worker ant zombie (D:8)
  2 gnolls (D:8)
  6 adders
  A howler monkey skeleton (D:4)
  An ooze (D:1)
  An adder zombie (D:9)
  2 adder skeletons (D:4)
  A worm (D:3)
  3 dart slugs (D:1)
  6 leopard geckos
  25 orcs
  6 bats
  6 giant cockroaches
  11 goblins
  5 hobgoblins
  5 jackals
  8 kobolds
  2 quokkas
  A ball python (D:2)
  4 frilled lizards
  A quokka zombie (D:5)
  17 rats
234 creatures vanquished.

Vanquished Creatures (collateral kills)
  A hydra (Lair:1)
  Maurice (D:9)
  A komodo dragon (Lair:1)
  A hippogriff (D:8)
  2 yaks (Lair:1)
  A basilisk (D:9)
  A hungry ghost (D:9)
  An ogre (D:8)
  A centaur (D:7)
  An orc priest (D:8)
  2 gnolls (D:8)
  An orc (D:9)
  A jackal (D:6)
15 creatures vanquished.

Vanquished Creatures (others)
  A bush (Lair:1)
  4 plants (Lair:1)
5 creatures vanquished.

Grand Total: 254 creatures vanquished

Notes
Turn   | Place    | Note
-------+----------+-------------------------------------------
     0 | D:1      | Hercules1031 the Demonspawn Fighter began the quest for the Orb.
     0 | D:1      | Reached XP level 1. HP: 18/18 MP: 1/1
    37 | D:1      | Gained mutation: You are partially covered in sharp spines. [demonic ancestry]
    37 | D:1      | Reached XP level 2. HP: 24/24 MP: 2/2
   132 | D:1      | Reached XP level 3. HP: 20/29 MP: 3/3
   806 | D:2      | Reached XP level 4. HP: 31/36 MP: 4/4
   816 | D:2      | Noticed a bullfrog
   829 | D:2      | Killed a bullfrog
   829 | D:2      | Reached XP level 5. HP: 26/42 MP: 5/5
   873 | D:2      | Found a shadowy altar of Dithmenos.
   873 | D:2      | Found a blossoming altar of Fedhas.
   873 | D:2      | Found a shattered altar of Ashenzari.
   874 | D:2      | Found a deep blue altar of Sif Muna.
  1378 | D:3      | Found a sacrificial altar of Ru.
  1489 | D:3      | Reached XP level 6. HP: 45/48 MP: 6/6
  1803 | D:4      | HP: 1/48 [orc wizard/magic dart (6)]
  1809 | D:4      | HP: 1/48 [something/magic dart (1)]
  2467 | D:4      | Gained mutation: A weak demonic guardian rushes to your aid. [demonic ancestry]
  2467 | D:4      | Reached XP level 7. HP: 55/55 MP: 7/7
  2581 | D:4      | Got a crystal trident
  2583 | D:4      | Identified the +5 trident "Ovee" {pierce, rPois rF+ rN+ Str+2} (You found it on level 4 of the Dungeon)
  2634 | D:4      | Found Xuraokk's Book Emporium.
  2734 | D:4      | Noticed P0WERM0DE's ghost (amateur DsFi)
  2744 | D:4      | Killed P0WERM0DE's ghost
  2744 | D:4      | Reached skill level 1 in Polearms
  2744 | D:4      | Reached skill level 1 in Dodging
  2956 | D:5      | Entered Level 5 of the Dungeon
  3028 | D:5      | Found a staircase to the Ecumenical Temple.
  3043 | Temple   | Entered the Ecumenical Temple
  3258 | Temple   | Became a worshipper of Makhleb the Destroyer
  3379 | D:5      | Found Gozag's Platinum Reserve.
  3395 | D:5      | Found an opulent altar of Gozag.
  3790 | D:6      | Reached skill level 2 in Polearms
  4353 | D:6      | Noticed a hungry ghost
  4364 | D:6      | Killed a hungry ghost
  4364 | D:6      | Reached skill level 5 in Fighting
  4429 | D:6      | Gained mutation: You are partially covered in iridescent scales. (AC +2) [demonic ancestry]
  4429 | D:6      | Reached XP level 8. HP: 58/62 MP: 6/8
  4515 | D:7      | Found a hazy altar of Hepliaklqana.
  4523 | D:7      | Reached skill level 3 in Polearms
  4564 | D:7      | Found an opulent altar of Gozag.
  4564 | D:7      | Found a sparkling altar of Nemelex Xobeh.
  4896 | D:7      | Reached skill level 5 in Armour
  4896 | D:7      | Reached skill level 5 in Shields
  4908 | D:7      | Reached skill level 4 in Polearms
  4973 | D:7      | Noticed raetorn's ghost (novice GnSk)
  4980 | D:7      | Noticed a hippogriff
  4985 | D:7      | Killed raetorn's ghost
  4990 | D:7      | Killed a hippogriff
  4990 | D:7      | Reached skill level 5 in Polearms
  4990 | D:7      | Gained mutation: You have large cloven feet. [demonic ancestry]
  4990 | D:7      | Reached XP level 9. HP: 23/69 MP: 3/9
  5032 | D:7      | Found a hide-covered altar of Uskayaw.
  5715 | D:8      | Reached * piety under Makhleb
  5737 | D:8      | Found a stormy altar of Qazlal.
  5737 | D:8      | Found a bloodstained altar of Trog.
  5815 | D:8      | Reached skill level 6 in Polearms
  6561 | D:8      | Found a glowing silver altar of Zin.
  6696 | D:9      | Noticed Maurice
  6705 | D:9      | Killed Maurice
  6812 | D:9      | Reached skill level 7 in Polearms
  6812 | D:9      | Gained mutation: You have hoof-like feet. [demonic ancestry]
  6812 | D:9      | Reached XP level 10. HP: 79/79 MP: 10/10
  6911 | D:9      | Noticed a gargoyle
  6925 | D:9      | Killed a gargoyle
  7096 | D:9      | Noticed an elephant
  7110 | D:9      | Reached ** piety under Makhleb
  7116 | D:9      | Noticed a two-headed ogre
  7118 | D:9      | Noticed Dommiel19's ghost (novice TeBe)
  7156 | D:9      | Killed a two-headed ogre
  7156 | D:9      | Reached skill level 8 in Polearms
  7170 | D:9      | Killed an elephant
  7172 | D:9      | Killed Dommiel19's ghost
  7392 | D:9      | Found a staircase to the Lair.
  7722 | Lair:1   | Entered Level 1 of the Lair of Beasts
  7781 | Lair:1   | Noticed a four-headed hydra
  7794 | Lair:1   | Killed a four-headed hydra
  7794 | Lair:1   | Reached XP level 11. HP: 87/87 MP: 11/11
  7802 | Lair:1   | Reached skill level 9 in Polearms
  8058 | Lair:1   | Noticed an oklob plant
  8058 | Lair:1   | Noticed an oklob plant
  8101 | Lair:1   | Noticed an oklob plant
  8101 | Lair:1   | Noticed an oklob plant
  8151 | Lair:1   | Noticed a four-headed hydra
  8157 | Lair:1   | Killed a four-headed hydra
  8529 | Lair:1   | Reached *** piety under Makhleb
  8529 | Lair:1   | Reached skill level 10 in Polearms
  8642 | Lair:2   | Got a jewelled cloak
  8653 | Lair:2   | Identified the -6 cloak of Mysticism {-Tele rN++ Int+3} (You found it on level 2 of the Lair of Beasts)
  8813 | Lair:2   | Found a staircase to the Shoals.
  9308 | Lair:2   | Reached XP level 12. HP: 54/96 MP: 12/12
  9433 | Lair:2   | Gained mutation: You are clumsy. (Dex -2) [potion of mutation]
  9433 | Lair:2   | Gained mutation: You have a pair of small horns on your head. [potion of mutation]
  9661 | Shoals:1 | Entered Level 1 of the Shoals
  9674 | Shoals:1 | Found an opulent altar of Gozag.
  9674 | Shoals:1 | Noticed a merfolk javelineer
  9686 | Shoals:1 | Hit by a javelin thrown by a merfolk javelineer

Skill      XL: |  1  2  3  4  5  6  7  8  9 10 11 |
---------------+----------------------------------+-----
Axes           | 2 3 4 |  4.6
Shields        | 3 4 5 6 8 9 |  9.4
Armour         | 3 4 5 6 7 |  7.8
Fighting       | 4 5 6 7 8 9 |  9.5
Polearms       | 2 5 7 8 10 | 10.6
Dodging        | 1 |  1.0

Action                   |  1- 3 |  4- 6 |  7- 9 | 10-12 || total
-------------------------+-------+-------+-------+-------++-------
Melee: War axe           |   106 |    62 |     5 |       ||   173
       Mace              |       |    75 |       |       ||    75
       Trident           |       |       |   225 |   344 ||   569
       Kick              |       |       |    32 |   117 ||   149
       Headbutt          |       |       |       |     5 ||     5
  Use: Scroll            |     3 |     8 |    11 |     5 ||    27
       Potion            |     1 |     3 |     8 |     7 ||    19
 Stab: Distracted        |       |       |     5 |     2 ||     7
  Eat: Ration            |     2 |     1 |     8 |     3 ||    14
Armor: Scale mail        |    41 |       |       |       ||    41
       Plate armour      |    31 |   115 |    96 |    81 ||   323
Dodge: Dodged            |    25 |    17 |    14 |    27 ||    83
Block: Shield            |    73 |   102 |     7 |       ||   182
       Large shield      |       |       |   146 |   271 ||   417
